 Dungeon Crawl Stone Soup version 0.17-a0-2002-g92c7e20 (webtiles) character file.

51 4thArraOfDagon the Chopper (level 3, -2/34 HPs)
             Began as a Naga Berserker on Oct 8, 2015.
             Was a Follower of Trog.
             Killed from afar by a goblin (13 damage)
             ... with a wand of flame
             ... on level 3 of the Dungeon.
             The game lasted 00:02:13 (317 turns).

4thArraOfDagon the Chopper (Naga Berserker)          Turns: 317, Time: 00:02:13

Health: -2/34      AC:  2    Str: 19    XL:     3   Next: 81%
Magic:  3/3        EV:  9    Int: 13    God:    Trog [*.....]
Gold:   37         SH:  0    Dex: 10    Spells: 0 memorised, 2 levels left

rFire  . . .     SeeInvis +     a - +0 hand axe
rCold  . . .     Clarity  .     b - +0 animal skin
rNeg   . . .     SustAt   .     (no shield)
rPois  +         Gourm    .     (no helmet)
rElec  .         Spirit   .     (no cloak)
rCorr  .         Warding  .     (no gloves)
rMut   .         Stasis   .     (no barding)
MR     .....                    (no amulet)
Stlth  +.........               (no ring)
                                (no ring)

@: brilliant, short of breath, very slow, not resistant to hostile enchantments,
very unstealthy
A: see invisible, deformed body, poison resistance, slowness 2, slow metabolism
1, spit poison 2, AC +1
a: Spit Poison, Burn Spellbooks, Berserk, Renounce Religion


You were on level 3 of the Dungeon.
You worshipped Trog.
Trog was aware of your devotion.
You were not hungry.

You visited 1 branch of the dungeon, and saw 3 of its levels.

You collected 37 gold pieces.

Inventory:

Hand Weapons
 a - a +0 hand axe (weapon)
Armour
 b - a +0 animal skin (worn)
Wands
 f - a wand of frost (0)
Scrolls
 g - a scroll of identify {unknown}
Comestibles
 c - a bread ration
 d - 2 chunks of flesh


   Skills:
 + Level 3.3 Fighting
 * Level 3.9 Axes
 + Level 2.0 Armour
 - Level 1.5 Dodging
 + Level 0.6 Evocations


You had 2 spell levels left.
You didn't know any spells.

Dungeon Overview and Level Annotations

Branches:
Dungeon (3/15)

Altars:
Nemelex Xobeh
Vehumet


Innate Abilities, Weirdness & Mutations

You cannot wear boots.
Your serpentine skin is tough (AC +1).
You have supernaturally acute eyesight.
Armour fits poorly on your strangely shaped body.
Your system is resistant to poisons.
You cover ground very slowly.
You have a slow metabolism.
You can spit poison.


Message History

You feel less resistant to hostile enchantments.
You feel yourself speed up.
Found a radiant altar of Vehumet.
You now have 37 gold pieces (gained 15).
A goblin comes into view.
Use which ability?
Press: ? - help, Shift-Dir - straight line, f - goblin
Aim: a goblin (hasn't noticed you)
The splash of poison hits the goblin.
The goblin is moderately wounded.
The goblin shouts!
You feel slightly more hungry.
The goblin zaps a wand.
The puff of flame hits you!
It is a wand of flame.
Unknown command.
Evoke which item? (* to show all) (? for menu, Esc to quit)
Okay, then.
You feel less exhausted.
Unknown command.
The goblin zaps a wand.
The puff of flame hits you!
You die...

#...g...#....#
..
....#...#..#.#
##
....g..#..#..#
#.#._.#....##...
...........#
####
....#....#.###
.........#...
######...#.###
##.#@..#
#..#...#
#.##...... ..
##.####.# #.. ##
##.


You could see a goblin.

Vanquished Creatures
  3 adders
  A giant gecko (D:1)
  4 orcs (D:3)
  A ball python (D:3)
  2 bats (D:2)
  2 hobgoblins (D:2)
  3 quokkas
  3 giant newts
  A rat (D:2)
20 creatures vanquished.

Notes
Turn   | Place    | Note
--------------------------------------------------------------
     0 | D:1      | 4thArraOfDagon the Naga Berserker began the quest for the Orb.
     0 | D:1      | Reached XP level 1. HP: 21/21 MP: 1/1
    86 | D:2      | Reached XP level 2. HP: 22/28 MP: 2/2
   207 | D:3      | Reached XP level 3. HP: 18/34 MP: 3/3
   264 | D:3      | Found a sparkling altar of Nemelex Xobeh.
   286 | D:2      | Acquired Trog's second power
   311 | D:3      | Found a radiant altar of Vehumet.
   317 | D:3      | Killed from afar by a goblin

Vault maps used:
D:1:      sevenhm_arrival_forest_fort_small_3
D:2:      led_sif_pool
D:3:      nemelex_xobeh_ov_fountains_minmay, vehumet_altar_wand_db,
          lemuel_coloured_pillars_altar, tgw_xom

Action                   || total
-------------------------++-------
Melee: Hand axe          ||    28
Invok: Berserk           ||     2
       Trog's Hand       ||     1
 Abil: Spit Poison       ||    19
Evoke: Wand              ||    11
  Use: Potion            ||     1
  Eat: Chunk             ||     1
